 Dungeon Crawl Stone Soup version 0.28.0-53-g5a82cb258f (webtiles) character file.

Game seed: 3264150888402337

1924 Infinimo the Cudgeller (level 9, 0/56 HPs)
             Began as a Kobold Berserker on June 13, 2022.
             Was a Priest of Trog.
             Slain by a gnoll (3 damage)
             ... on level 5 of the Dungeon.
             The game lasted 00:06:04 (6973 turns).

Infinimo the Cudgeller (Kobold Berserker)           Turns: 6973, Time: 00:06:04

Health: 0/56       AC:  4    Str: 14    XL:     9   Next: 39%
Magic:  9/9        EV:  9    Int:  9    God:    Trog [***...]
Gold:   133        SH:  0    Dex: 18    Spells: 8/8 levels left

rFire   . . .      SeeInvis .   m - +7 staff of the Meek {protect, meekguard}
rCold   . . .      Faith    .   (shield currently unavailable)
rNeg    . . .      Spirit   .   b - +0 animal skin
rPois   .          Reflect  .   u - +1 helmet
rElec   .          Harm     .   (no cloak)
rCorr   .          Rampage  .   (no gloves)
Will    .....                   (no boots)
Stlth   +++++.....              (no amulet)
HPRegen 0.18/turn               (no ring)
MPRegen 0.11/turn               (no ring)

@: on berserk cooldown, held, slowed, very slow
A: small, no large weapons, nightstalker 3
a: Renounce Religion, Berserk, Trog's Hand


You were on level 5 of the Dungeon.
You worshipped Trog.
Trog was most pleased with you.
You visited 1 branch of the dungeon, and saw 5 of its levels.

You collected 133 gold pieces.

Inventory:

Hand Weapons
 a - a +0 mace
 m - the +7 staff of the Meek (weapon) {protect, meekguard}
   (You found it on level 3 of the Dungeon)

   It grants its wielder temporary protection when it strikes (+7 to AC).
   It provides extra protection to wielders with little health.
Missiles
 j - a throwing net (quivered)
Armour
 b - a +0 animal skin (worn)
 l - a +0 buckler
 u - a +1 helmet (worn)
Jewellery
 f - a ring of resist corrosion
 n - a ring of protection from cold
 r - a +6 ring of dexterity
Wands
 p - a wand of iceblast (7)
 q - a wand of digging (7)
Scrolls
 d - a scroll of teleportation {unknown}
 i - a scroll of identify
Potions
 c - 2 potions of curing
 e - 2 potions of attraction
 g - a potion of ambrosia {unknown}
 h - 3 potions of flight {unknown}
 k - 2 potions of heal wounds {unknown}
 s - a potion of lignification {unknown}


   Skills:
 + Level 6.5 Fighting
 * Level 7.2 Maces & Flails
 - Level 1.5 Armour
 + Level 6.5 Dodging
 + Level 7.1 Stealth
 + Level 1.3 Shields


You had 8 spell levels left.
You didn't know any spells.
Your spell library was empty.

Dungeon Overview and Level Annotations

Branches:
Dungeon (5/15)
 Temple: D:4-7

Altars:
Wu Jian

Shops:
D:5 [[

Annotations:
D:4 2 transporters


Innate Abilities, Weirdness & Mutations

You are small and have problems with some larger weapons.
You are completely attuned to the shadows.


Message History

You destroy the water moccasin skeleton!
Trog accepts your kill.
A gnoll comes into view.
A gnoll sergeant comes into view. It is wielding a +0 spear.
You feel a strong urge to attack something.
You are no longer berserk.
You are exhausted.
You feel yourself slow down.
The gnoll sergeant shouts!
You barely miss the gnoll. The gnoll misses you. The gnoll closely misses you.
You barely miss the gnoll.
The gnoll sergeant hits you from afar with a +0 spear.
The gnoll misses you.
The gnoll sergeant hits you from afar with a +0 spear!
You are too injured to fight recklessly!
You are too injured to fight recklessly!
You are too injured to fight recklessly!
You are too injured to fight recklessly!
The gnoll throws a throwing net.
The throwing net closely misses you.
Items here: ( )) [ ††.
The gnoll sergeant misses you.
The gnoll throws a throwing net.
The throwing net misses you.
The gnoll sergeant hits you from afar with a +0 spear.
There is an escape hatch in the floor here.
The gnoll throws a throwing net.
The throwing net hits you.
You become entangled in the net!
The gnoll sergeant closely misses you.
You see here a throwing net.
You struggle against the net.
The gnoll sergeant hits you from afar with a +0 spear.
The gnoll hits you.
The gnoll sergeant hits you from afar with a +0 spear.
* * * LOW HITPOINT WARNING * * *
You struggle against the net.
The gnoll hits you.
* * * LOW HITPOINT WARNING * * *
The gnoll sergeant hits you from afar with a +0 spear!
* * * LOW HITPOINT WARNING * * *
Okay, then.
Okay, then.
You struggle against the net.
The gnoll hits you.
You die...

#.### ###
##..#...........#.... ###
#### #...#........#.....##
##..###............###..###
#....##............# ##.##.
###...###............####..##
....<..##............#.#.....
..>..........................
...............(.##..........
............@>....#..........
............g................
......####.(g####...........
....)((..##..........
...).....##..........
.........##..........
.........##.....####.
###...#####.[...# ##. +...+
#.....###..


You could see a gnoll sergeant and a gnoll.

Vanquished Creatures
  Grinder (D:3)
  Sigmund (D:4)
  Grum (D:5)
  A black bear (D:4)
  3 wolves (D:5)
  A centaur (D:5)
  A wyvern zombie (D:5)
  2 gnoll sergeants (D:5)
  A scorpion (D:4)
  A water moccasin skeleton (D:5)
  6 hounds (D:5)
  2 gnoll shamans (D:5)
  An orc priest (D:5)
  Jessica (D:2)
  Ijyb (D:4)
  An orc wizard (D:5)
  2 hound skeletons
  Robin (D:4)
  16 gnolls (D:5)
  10 adders
  A shadow imp (D:3)
  An ufetubus (D:4)
  A worm (D:3)
  2 dart slugs (D:1)
  4 orcs
  3 endoplasms
  2 giant cockroaches
  16 goblins
  9 hobgoblins
  6 jackals
  5 kobolds
  7 quokkas
  7 ball pythons
  6 bats
  4 frilled lizards
  5 rats
133 creatures vanquished.

Vanquished Creatures (others)
  6 plants (D:4)
6 creatures vanquished.

Grand Total: 139 creatures vanquished

Notes
Turn   | Place    | Note
-------+----------+-------------------------------------------
     0 | D:1      | Infinimo the Kobold Berserker began the quest for the Orb.
     0 | D:1      | Reached XP level 1. HP: 14/14 MP: 1/1
   324 | D:1      | Reached XP level 2. HP: 19/19 MP: 2/2
   474 | D:1      | Reached skill level 1 in Stealth
   825 | D:1      | Reached XP level 3. HP: 4/23 MP: 3/3
  1175 | D:1      | Found a faded altar of an unknown god.
  1728 | D:2      | Found an ornate altar of the Wu Jian Council.
  2301 | D:2      | Noticed Jessica
  2311 | D:2      | Killed Jessica
  2312 | D:2      | Reached XP level 4. HP: 29/29 MP: 4/4
  2613 | D:2      | Reached ** piety under Trog
  3240 | D:3      | Found the +7 staff of the Meek {protect, meekguard}
  3251 | D:3      | Reached XP level 5. HP: 29/33 MP: 5/5
  3642 | D:3      | Noticed Grinder
  3652 | D:3      | Paralysed by Grinder for 3 turns
  3657 | D:3      | Paralysed by Grinder for 3 turns
  3662 | D:3      | Killed Grinder
  3663 | D:3      | Reached XP level 6. HP: 25/39 MP: 6/6
  4405 | D:4      | Noticed Robin
  4405 | D:4      | Noticed Ijyb
  4413 | D:4      | Reached XP level 7. HP: 44/44 MP: 7/7
  4417 | D:4      | Killed Ijyb
  4424 | D:4      | Killed Robin
  4546 | D:4      | Reached skill level 5 in Maces & Flails
  4773 | D:4      | Noticed Sigmund
  4789 | D:4      | Killed Sigmund
  4790 | D:4      | Reached skill level 5 in Fighting
  4790 | D:4      | Reached skill level 5 in Stealth
  4790 | D:4      | Reached XP level 8. HP: 22/49 MP: 8/8
  4982 | D:4      | Found a transporter.
  5124 | D:4      | Reached *** piety under Trog
  5394 | D:4      | Identified the +11 halberd of Excruciating Pain {venom,
                  | *Rage rPois Dex+3 Stlth+}
  5531 | D:4      | Found a transporter.
  5654 | D:5      | Entered Level 5 of the Dungeon
  5672 | D:5      | Found Yloaw's Antique Armour Shop.
  5737 | D:5      | Reached skill level 5 in Dodging
  6205 | D:5      | Found Unagoste's Antique Armour Boutique.
  6521 | D:5      | Reached XP level 9. HP: 52/55 MP: 9/9
  6828 | D:5      | Noticed Grum
  6836 | D:5      | Killed Grum
  6837 | D:5      | Reached skill level 1 in Shields
  6973 | D:5      | Slain by a gnoll

Illustrated notes

Levels and vault maps discovered:
D:1:      dpeg_arrival_windows_large_door, layout_basic,
          hellmonk_ecumenical_altar_dog_temple, minmay_tromino_v4_c
D:2:      layout_loops_cross, basic_altar, uniq_jessica
D:3:      layout_loops_ring, minmay_misc_feat_pillars, uniq_grinder
D:4:      layout_cave_pools, gammafunk_ghost_gnarly_gnolls, serial_column_ruins,
          column_ruins_hut, column_ruins_circle_large, column_ruins_grid_1,
          column_ruins_open_tiny, column_ruins_open_tiny,
          column_ruins_open_tiny_water, column_ruins_open_small,
          column_ruins_grid_2, uniq_robin, uniq_ijyb, uniq_sigmund
D:5:      layout_cave_pools, serial_shops, nicolae_stop_n_shop_2,
          serial_gnoll_camp, gnoll_camp_medium_02, gnoll_camp_medium_01,
          gnoll_camp_mini_shop, grums_kennel, hangedman_minor_gate_pass

Skill      XL: |  1  2  3  4  5  6  7  8  9 |
---------------+----------------------------+-----
Stealth        | 1 2 3 4 5 6 7 |  7.1
Maces & Flails | 3 4 5 6 7 |  7.2
Dodging        | 3 4 6 |  6.5
Fighting       | 4 5 6 |  6.5
Shields        | 1 |  1.3
Armour         | |  1.5

Action                   |  1- 3 |  4- 6 |  7- 9 || total
-------------------------+-------+-------+-------++-------
Melee: Mace              |    85 |    46 |       ||   131
       Punch             |     2 |       |       ||     2
       Quarterstaff      |       |    37 |   169 ||   206
Invok: Berserk           |     2 |     3 |     6 ||    11
  Use: Scroll            |       |       |     7 ||     7
       Potion            |       |       |     1 ||     1
 Stab: Sleeping          |    10 |    12 |    14 ||    36
Armor: Animal skin       |    10 |    17 |    79 ||   106
Dodge: Dodged            |    66 |    51 |   226 ||   343
